 Dungeon Crawl Stone Soup version 0.30-a0-852-g08b95dd62f (webtiles) character file.

Game seed: 1608002550361917850

10435 cforsyth the Eclecticist (level 11, -3/52 (54) HPs)
             Began as a Deep Elf Summoner on Mar 4, 2023.
             Was an Initiate of Gozag.
             Shot with an arrow by a centaur (7 damage)
             ... on level 11 of the Dungeon.
             The game lasted 00:25:37 (12239 turns).

cforsyth the Eclecticist (Deep Elf Summoner)       Turns: 12239, Time: 00:25:38

HP:   -3/52 (54)    AC:  8    Str:  5    XL:     11   Next: 36%
MP:   32/42         EV: 17    Int: 25    God:    Gozag
Gold: 463           SH:  5    Dex: 15    Spells: 29/42 levels left

rFire   . . .      SeeInvis .    g - +4 dagger (holy)
rCold   . . .      Faith    .    (no shield)
rNeg    . . .      Spirit   .    Q - +2 robe {Archmagi}
rPois   .          Reflect  +    (no helmet)
rElec   .          Rampage  .    O - +0 cloak
rCorr   .          Archmagi +    n - +1 pair of gloves
Will    +....                    e - +0 pair of boots
Stlth   ++                       s - amulet of reflection
HPRegen 0.28/turn                c - ring of magical power
MPRegen 0.28/turn                p - +5 ring of evasion

@: gold aura, lightly drained
A: no striking features
a: Renounce Religion, Potion Petition, Call Merchant, Bribe Branch


You were on level 11 of the Dungeon.
You worshipped Gozag.
Gozag was aware of your devotion.
You visited 2 branches of the dungeon, and saw 12 of its levels.

You collected 664 gold pieces.
You paid 201 gold pieces to Gozag.

Inventory:

Hand Weapons
 g - a +4 dagger of holy wrath (weapon)
Armour
 e - a +0 pair of boots (worn)
 n - a +1 pair of gloves (worn)
 G - +2 steam dragon scales
 O - a +0 cloak (worn)
 Q - a +2 robe of the Archmagi (worn)
 T - a +2 robe of fire resistance
Jewellery
 c - a ring of magical power (left hand)
 p - a +5 ring of evasion (right hand)
 s - an amulet of reflection (around neck)
 J - an amulet of the acrobat
 L - a ring of flight
 N - a ring of protection from fire
 S - a ring of poison resistance
 U - an amulet of regeneration
Wands
 l - a wand of iceblast (5)
 y - a wand of polymorph (6)
 B - a wand of charming (18)
 F - a wand of light (27)
 H - a wand of mindburst (28)
 R - a wand of flame (22)
Scrolls
 a - a scroll of fear
 d - a scroll of blinking
 i - 3 scrolls of fog
 k - 7 scrolls of teleportation
 q - a scroll of immolation
 r - a scroll of poison
 t - 3 scrolls of enchant weapon
 E - a scroll of silence
 K - a scroll of vulnerability
 P - a scroll of magic mapping
Potions
 b - a potion of magic
 f - a potion of brilliance
 h - 2 potions of lignification
 j - 4 potions of heal wounds
 m - a potion of flight
 o - 2 potions of haste
 u - 2 potions of mutation
 w - a potion of berserk rage
 x - a potion of invisibility {unknown}
 z - a potion of might {unknown}
 A - 2 potions of cancellation
 C - 3 potions of curing
 I - 2 potions of ambrosia


   Skills:
 - Level 2.4 Dodging
 - Level 2.4 Stealth
 + Level 16.2 Spellcasting
 - Level 4.0 Hexes
 + Level 14.2 Summonings


You had 29 spell levels left.
You knew the following spells:

 Your Spells              Type           Power      Damage    Failure   Level
a - Summon Small Mammal   Summ           100%       N/A       0%          1
b - Call Imp              Summ           95%        N/A       0%          2
c - Call Canine Familiar  Summ           95%        N/A       1%          3
d - Summon Guardian Gole  Hex/Summ       78%        N/A       1%          3
e - Summon Lightning Spi  Summ/Air       71%        N/A       1%          4

Your spell library contained the following spells:

 Spells                   Type           Power      Damage    Failure   Level
 Summon Ice Beast         Ice/Summ       71%        N/A       1%          4
 Blink                    Tloc           60%        N/A       4%          2
 Lesser Beckoning         Tloc           60%        N/A       4%          2
 Momentum Strike          Conj/Tloc      60%        3d9       4%          2
 Frozen Ramparts          Ice            60%        1d10      8%          3
 Ice Form                 Ice/Tmut       30%        N/A       26%         4
 Passage of Golubria      Tloc           30%        N/A       26%         4
 Silence                  Hex/Air        22%        N/A       32%         5
 Fireball                 Conj/Fire      15%        3d8       58%         5
 Iskenderun's Battlesphe  Conj           30%        2d8       58%         5
 Spellforged Servitor     Conj/Summ      35%        N/A       75%         7
 Conjure Ball Lightning   Conj/Air       15%        3x3d6     99%         6
 Iron Shot                Conj/Erth      15%        9d4       99%         6
 Orb of Destruction       Conj           15%        9d7       100%        7
 Lehudib's Crystal Spear  Conj/Erth      15%        10d5      100%        8


Dungeon Overview and Level Annotations

Branches:
Dungeon (11/15)            Temple (1/1) D:6            Lair (0/5) D:10
    Orc: D:9-12

Altars:
Ashenzari
Cheibriados
Dithmenos
Elyvilon
Fedhas
Gozag
Hepliaklqana
Kikubaaqudgha
Makhleb
Nemelex Xobeh
Okawaru
Qazlal
Ru
Sif Muna
Trog
Uskayaw
Vehumet
Wu Jian
Xom
Yredelemnul
Zin
The Shining One

Annotations:
D:3 3 runed translucent doors, DiggyJ's ghost, amateur HOFi
D:6 Menkaure


Message History

Your quokka bites the cyclops but does no damage.
The centaur shoots an arrow.
The arrow hits your rat!
Your rat dies!
Your rat's corpse disappears in a puff of smoke!
The centaur shoots an arrow.
The arrow hits your warg. The centaur drains your warg.
Your warg bites the cyclops!
The cyclops hits your quokka.
Your quokka dies!
Your quokka's corpse disappears in a puff of smoke!
The centaur shoots an arrow.
The arrow hits you!
The centaur shoots an arrow.
The arrow hits your warg!
Your warg dies!
Your warg's corpse disappears in a puff of smoke!
You hear a shout!
You hear an angry hiss.
The centaur shouts!
The centaur wields a +0 shortbow.
The centaur shoots an arrow.
The arrow hits you!
The centaur is distracted by your dazzling golden aura.
The centaur shouts!
Casting: Summon Small Mammal (safe; 0% risk of failure)
Confirm with . or Enter, or press ? or * to list all spells.
You feel a surge of power!
A guardian golem appears, shielding your allies.
The centaur is no longer distracted by gold.
The centaur shoots an arrow.
The arrow completely misses you.
The centaur shoots an arrow.
The arrow hits you.
You feel drained.
The centaur shoots an arrow.
The arrow hits you!
* * * LOW HITPOINT WARNING * * *
You hear a shout!
The centaur shoots an arrow.
The arrow hits you.
* * * LOW HITPOINT WARNING * * *
You feel drained.
* * * LOW HITPOINT WARNING * * *
The centaur shoots an arrow.
The arrow closely misses you.
There is a stone staircase leading up here.
The centaur shoots an arrow.
The arrow barely misses you.
The centaur shoots an arrow.
The arrow closely misses you.
The centaur shoots an arrow.
The arrow hits you!
You die...
Your body crumbles into a pile of gold.

#........ .#
#......#.
#.#
#........
..# C....>.#
#.#
#......#.
#.#
#..c$....
#####.###cc#
..........##
#.....@9.#
########.#
#..# #.#..
#.##.# ..#
.# $ .## # #


You could see 3 centaurs and a friendly guardian golem (summoned).

Vanquished Creatures
  3 orcs
  2 ball pythons
  A bat (D:2)
  A giant cockroach (D:4)
  A jackal (D:5)
  A kobold (D:9)
9 creatures vanquished.

Vanquished Creatures (collateral kills)
  A two-headed ogre (D:10)
  Pikel (D:5)
  2 oklob plants (D:10)
  Maggie (D:6)
  An unseen horror (D:10)
  Psyche (D:9)
  A hornet (D:9)
  Grinder (D:4)
  7 yaks
  3 shadows (D:10)
  A vampire (D:10)
  2 wyverns
  Eustachio (D:4)
  A steam dragon (D:7)
  4 water moccasins
  2 orc warriors
  A sky beast (D:7)
  2 ogres
  5 centaurs
  3 lemures (D:5)
  3 phantoms
  A kobold brigand (D:9)
  A bullfrog (D:9)
  A gnoll sergeant (D:8)
  2 scorpions (D:5)
  6 wights
  4 killer bees
  A nameless horror (D:5)
  4 howler monkeys
  5 orc priests
  A hound (D:5)
  4 jellies
  5 orc wizards
  2 iguanas
  Ijyb (D:5)
  15 gnolls
  10 adders
  A shadow imp (D:6)
  A white imp (D:7)
  An ufetubus (D:6)
  2 dart slugs (D:3)
  24 orcs
  4 endoplasms
  A giant cockroach (D:1)
  9 hobgoblins
  6 jackals
  12 kobolds
  4 quokkas
  6 ball pythons
  3 bats
  2 frilled lizards
  5 goblins
  7 rats
  A spectral orc (D:10)
  A bush (D:10)
197 creatures vanquished.

Vanquished Creatures (others)
  A gargoyle (D:10)
  A troll (D:9)
  Prince Ribbit (D:8)
  Sigmund (D:4)
  4 yaks
  A black bear (D:5)
  A lemure (D:5)
  A bullfrog (D:4)
  3 wights (D:8)
  2 killer bees (D:9)
  A howler monkey (D:8)
  An orc priest (D:9)
  A gnoll bouda (D:5)
  An adder (D:4)
  2 orcs (D:5)
  A ball python (D:4)
  50 plants
73 creatures vanquished.

Grand Total: 279 creatures vanquished

Notes
Turn   | Place    | Note
-------+----------+-------------------------------------------
     0 | D:1      | cforsyth the Deep Elf Summoner began the quest for the Orb.
     0 | D:1      | Reached XP level 1. HP: 10/10 MP: 6/6
   705 | D:1      | Reached XP level 2. HP: 15/15 MP: 8/8
   849 | D:1      | Learned a level 2 spell: Call Imp
  1063 | D:2      | Reached skill level 4 in Spellcasting
  1064 | D:2      | Reached skill level 5 in Summonings
  1064 | D:2      | Reached XP level 3. HP: 19/19 MP: 10/10
  1068 | D:2      | Learned a level 3 spell: Call Canine Familiar
  1229 | D:2      | Reached XP level 4. HP: 24/24 MP: 12/12
  1538 | D:2      | Reached skill level 5 in Spellcasting
  1559 | D:2      | Learned a level 3 spell: Summon Guardian Golem
  1951 | D:2      | Reached XP level 5. HP: 28/28 MP: 14/14
  2154 | D:3      | Reached skill level 1 in Hexes
  2664 | D:3      | Found a runed translucent gate.
  2664 | D:3      | Found a runed translucent gate.
  2664 | D:3      | Found a runed translucent gate.
  2665 | D:3      | Noticed DiggyJ's ghost (amateur HOFi)
  2818 | D:3      | Found a snail-covered altar of Cheibriados.
  2820 | D:3      | Found a burning altar of Makhleb.
  3081 | D:4      | Noticed Grinder
  3090 | D:4      | Noticed a phantom
  3096 | D:4      | Killed Grinder
  3097 | D:4      | Reached skill level 6 in Spellcasting
  3097 | D:4      | Reached XP level 6. HP: 32/32 MP: 17/17
  3136 | D:4      | Found a sacrificial altar of Ru.
  3141 | D:4      | Noticed Eustachio
  3154 | D:4      | Learned a level 4 spell: Summon Lightning Spire
  3172 | D:4      | Reached skill level 7 in Spellcasting
  3172 | D:4      | Reached XP level 7. HP: 36/36 MP: 19/19
  3173 | D:4      | Killed Eustachio
  3216 | D:4      | Noticed a wyvern
  3236 | D:4      | Noticed Sigmund
  3247 | D:4      | Killed a wyvern
  3248 | D:4      | Reached skill level 8 in Spellcasting
  3254 | D:4      | Killed Sigmund
  3255 | D:4      | Reached XP level 8. HP: 41/41 MP: 11/22
  3379 | D:4      | Found a stormy altar of Qazlal.
  3408 | D:4      | Found an ancient bone altar of Kikubaaqudgha.
  3428 | D:4      | Found a white marble altar of Elyvilon.
  3644 | D:4      | Noticed an air elemental
  3768 | D:5      | Entered Level 5 of the Dungeon
  3786 | D:5      | Reached skill level 9 in Spellcasting
  3935 | D:5      | Noticed Ijyb
  3950 | D:5      | Killed Ijyb
  4025 | D:5      | Found a shimmering blue altar of Sif Muna.
  4025 | D:5      | Found a shadowy altar of Dithmenos.
  4031 | D:5      | Noticed Pikel
  4081 | D:5      | Reached skill level 10 in Spellcasting
  4627 | D:5      | Killed Pikel
  4628 | D:5      | Reached skill level 11 in Spellcasting
  4628 | D:5      | Reached XP level 9. HP: 45/45 MP: 26/26
  4726 | D:5      | Reached skill level 10 in Summonings
  4966 | D:6      | Found a staircase to the Ecumenical Temple.
  4968 | D:6      | Noticed Maggie
  4980 | D:6      | Killed Maggie
  4985 | Temple   | Entered the Ecumenical Temple
  5447 | D:6      | Reached skill level 12 in Spellcasting
  5519 | D:6      | Found a broken altar of Ashenzari.
  5523 | D:6      | Saw a vision of the Shoals and the Snake Pit.
  5523 | D:6      | Noticed an anaconda
  5523 | D:6      | Noticed a shock serpent
  5523 | D:6      | Noticed a naga sharpshooter
  5523 | D:6      | Noticed a mana viper
  5523 | D:6      | Noticed a naga mage
  5523 | D:6      | Noticed an anaconda
  5523 | D:6      | Noticed a skyshark
  5523 | D:6      | Noticed a merfolk
  5523 | D:6      | Noticed a skyshark
  5523 | D:6      | Noticed a merfolk
  5523 | D:6      | Noticed a wind drake
  5523 | D:6      | Noticed a cyclops
  5523 | D:6      | Noticed a merfolk
  5523 | D:6      | Noticed a merfolk
  5523 | D:6      | Noticed a manticore
  5523 | D:6      | Noticed a kraken
  5523 | D:6      | Noticed Menkaure
  5523 | D:6      | Noticed a manticore
  5524 | D:6      | Noticed a naga mage
  5897 | D:7      | Reached skill level 13 in Spellcasting
  6155 | D:7      | Reached XP level 10. HP: 50/50 MP: 29/29
  6505 | D:8      | Noticed Prince Ribbit
  6517 | D:8      | Killed Prince Ribbit
  7188 | D:8      | Reached skill level 14 in Spellcasting
  8102 | D:9      | Noticed Psyche
  8135 | D:9      | Killed Psyche
  8687 | D:10     | Entered Level 10 of the Dungeon
  8718 | D:10     | Reached skill level 15 in Spellcasting
  9028 | D:10     | Found a staircase to the Lair.
  9028 | D:10     | Noticed an oklob plant
  9234 | D:10     | Found a basalt altar of Yredelemnul.
  9324 | D:10     | Found a radiant altar of Vehumet.
  9372 | D:10     | Reached XP level 11. HP: 54/54 MP: 32/32
  9635 | D:10     | Found a blossoming altar of Fedhas.
  9770 | D:10     | Found an opulent altar of Gozag.
  9808 | D:10     | Found a sparkling altar of Nemelex Xobeh.
  9833 | D:10     | Became a worshipper of Gozag Ym Sagoz the Greedy
 10345 | D:10     | Noticed a two-headed ogre
 10356 | D:10     | Killed a two-headed ogre
 10725 | D:10     | Noticed an oklob plant
 11346 | D:10     | Killed an oklob plant
 11347 | D:10     | Reached skill level 16 in Spellcasting
 11916 | D:10     | Killed an oklob plant
 12115 | D:10     | Found a bloodstained altar of Trog.
 12144 | D:10     | Found an iron altar of Okawaru.
 12239 | D:11     | Shot with an arrow by a centaur

Illustrated notes

Levels and vault maps discovered:
D:1:      minmay_arrival_loop, layout_basic, minmay_misc_feat_rows,
          chequers_serial_rivers_marsh, chequers_serial_rivers_micro_c,
          kennysheep_another_room
D:2:      layout_basic
D:3:      layout_rooms, jmf_multi_god_temple, gammafunk_ghost_nasty_kobolds
D:4:      layout_cave_pools, nicolae_elyvilon_peaceful_grove,
          nicolae_ru_awakened_eye, nicolae_kikubaaqudgha_miasma_corner,
          nicolae_qazlal_style_of_elements, uniq_sigmund, uniq_grinder,
          uniq_eustachio
D:5:      layout_gridville, nicolae_overflow_squiral, uniq_ijyb, uniq_pikel
D:6:      layout_rooms, grunt_ashenzari_visionary
          [grunt_ashenzari_visionary_shoals, grunt_ashenzari_visionary_snake],
          minmay_temple_entry_junction, uniq_maggie, uniq_menkaure
D:7:      layout_basic, hangedman_abyss_or_decor_jellyfish_corner, minivault_27
D:8:      hellmonk_crumbling_castle, layout_gridville, minmay_misc_feat_five,
          uniq_prince_ribbit1
D:9:      layout_loops_ring, uniq_psyche
D:10:     layout_cave_pods, grunt_temple_overflow_bloody_war,
          mainiacjoe_overflow_cross_hatched,
          yredelemnul_forgotten_temple_becter, grunt_gozag_statues, tgw_fedhas,
          nemelex_xobeh_ov_fountains_minmay, dpeg_oklobed_lair
D:11:     minmay_the_grid_square_5x5_3x3 [minmay_the_grid_square_5x5_percent,
          minmay_the_grid_square_5x5_shrine2,
          minmay_the_grid_square_5x5_broken_cross,
          minmay_the_grid_square_5x5_shrine1,
          minmay_the_grid_square_5x5_megaprize_hollow,
          minmay_the_grid_square_5x5_pentomino_r, minmay_the_grid_square_5x5_c,
          minmay_the_grid_square_5x5_hourglass,
          minmay_the_grid_square_5x5_almost_minimal], layout_loops_ring,
          zombieorc2_lemuel, minmay_protected_statue
Temple:   hellmonk_temple_flake

Skill      XL: |  1  2  3  4  5  6  7  8  9 10 11 |
---------------+----------------------------------+-----
Spellcasting   | 4 5 6 7 8 11 13 15 16 | 16.2
Summonings     | 5 6 8 9 11 13 14 | 14.2
Hexes          | 3 4 |  4.0
Dodging        | |  2.4
Stealth        | |  2.4

Action                     |  1- 3 |  4- 6 |  7- 9 | 10-12 || total
---------------------------+-------+-------+-------+-------++-------
  Melee: Dagger            |     6 |    14 |    12 |    23 ||    55
         Unarmed           |     2 |       |       |       ||     2
         Punch             |       |       |       |     1 ||     1
   Cast: Summon Small Mamm |    39 |    26 |    15 |    26 ||   106
         Call Imp          |     3 |    12 |     7 |    13 ||    35
         Call Canine Famil |     2 |    20 |    19 |    33 ||    74
         Summon Guardian G |       |     3 |    23 |    26 ||    52
         Summon Lightning  |       |     1 |    26 |    29 ||    56
    Use: Scroll            |       |       |     1 |    22 ||    23
         Potion            |       |       |     1 |       ||     1
 Armour: Robe              |     7 |     2 |     7 |     4 ||    20
         Steam dragon scal |       |       |     5 |     2 ||     7
  Dodge: Dodged            |    17 |    26 |    36 |    31 ||   110
  Block: Other             |       |       |     1 |     6 ||     7
         Reflection        |       |       |       |     1 ||     1

Table legend: (Time is in decaauts)
 A = Elapsed time spent in this place.
 B = Non-inter-level travel time spent in this place.
 C = Inter-level travel time spent in this place.
 D = Time resting spent in this place.
 E = Time spent auto-exploring this place.
 F = Levels seen in this place.
 G = Mean time per level.
                   A        B        C        D        E       F      G
               +--------+--------+--------+--------+--------+-----+--------+
         Total |  12247 |  11797 |    450 |   2125 |   7449 |  12 | 1020.6 |
       Dungeon |  12065 |  11627 |    438 |   2125 |   7287 |  11 | 1096.8 |
        Temple |    181 |    170 |     11 |      0 |    162 |   1 |  181.0 |
               +--------+--------+--------+--------+--------+-----+--------+

Top non-repeatable levels by time:
    D:10: 3253 daAuts
     D:9: 1445 daAuts
     D:5: 1196 daAuts
     D:2: 1097 daAuts
     D:8: 1052 daAuts
     D:1: 1045 daAuts
     D:3: 875 daAuts
     D:4: 749 daAuts
     D:6: 676 daAuts
     D:7: 654 daAuts
  Temple: 181 daAuts
    D:11: 18 daAuts
